AoeStats
← SoCanBrook

Black Forest

510620136Analyzed
4v4 RM · 2d ago on Oct 1, 2026· 12m 42s· 8 players
Game mode
Random Map
Map size
Large (8 player)
Population
200
Speed
Normal
Resources
Standard
Victory
Conquest
Starting age
Dark Age
Ending age
Imperial Age
RankedLock teamsTeams togetherTeam positionsShared explorationLock speedFull tech treeHidden civsTurbo modeCheats
Victory
Defeat
🇷🇸 Britons · Serbia
519
+22
🇧🇷 Cumans · Brazil
515
+22
🇧🇴 Inca · Bolivia
388
+26
🇮🇪 Romans · Ireland
356
+28
🇮🇹 Persians · Italy
709
-26
🇹🇷 Slavs · Türkiye
703
-45
🇹🇷 Sicilians · Türkiye
660
-25
🇹🇷 Turks · Türkiye
538
-21
wfcwilly
3:43 Loom
kealanmurphy83
3:47 Loom
CoWarDly DoG
0:29 Loom
ema.frigo
8:17 Loom
11:04 Feudal Age
11:09 Man-at-Arms
NazguL
0:35 Loom
SoCanBrook
1:59 Loom
fekurnaz
0:29 Loom
Blitz41
12:07 Feudal Age
Connection lost

Rejoining the realm…

Still unreachable

The connection could not be restored.

Session expired

The server has moved on; the page needs a fresh start.